Map: Cactus Valley LE (Void)

Players

Railgan - Winner!

  • Race: Zerg Zerg
  • League: Grandmaster
  • Spawn Location: 7:00

Myrault

  • Race: Zerg Zerg
  • League: Master
  • Spawn Location: 1:00

VOD

Have the link to the VOD?

Description

Time

  • Played on: March 4, 2017, 3:52 p.m.
  • Length: 9:38
Show
View Real Time Build Order
Export as new Build Order

Railgan Zerg - Winner!

Build Orders: Hatch First 

Get SALT Encoding   

  12  0:01  Drone  
  13  0:13  Overlord  
  13  0:17  Drone  
  14  0:32  Drone x2  
  17  0:35  Drone  
  17  0:47  Drone  
  18  0:58  Hatchery  
  18  0:59  Drone  
  18  1:02  Extractor  
  17  1:14  Spawning Pool  
  17  1:16  Drone  
  17  1:19  Drone  
  18  1:29  Drone  
  19  1:43  Overlord  
  19  1:53  Drone  
  20  2:00  Queen  
  22  2:02  Zergling x2  
  23  2:10  Queen  
  23  2:11  Zergling x2  
  23  2:14  Drone  
  27  2:20  Metabolic Boost  
  27  2:21  Drone  
  28  2:23  Drone  
  29  2:34  Baneling Nest  
  28  2:38  Queen  
  28  2:41  Overlord  
  28  2:43  Zergling x2  
  28  2:44  Zergling x2  
  32  2:56  Drone  
  32  2:57  Drone x2  
  35  3:04  Drone  
  36  3:08  Drone  
  36  3:09  Drone x2  
  36  3:10  Drone  
  40  3:16  Overlord  
  40  3:22  Drone  
  40  3:23  Drone x2  
  40  3:24  Drone  
  40  3:26  Baneling x2  
  44  3:33  Overlord  
  42  3:41  Roach Warren  
  42  3:43  Drone x2  
  42  3:46  Zergling x2  
  43  3:57  Zergling x4  
  43  4:00  Hatchery  
  44  4:09  Zergling x4  
  45  4:11  Baneling  
  45  4:12  Baneling  
  45  4:13  Zergling x6  
  48  4:17  Overlord  
  48  4:20  Baneling x2  
  48  4:22  Roach x3  
  54  4:28  Roach x3  
  56  4:41  Roach  
  56  4:45  Drone x5  
  61  4:47  Extractor  
  61  4:48  Extractor  
  61  4:50  Evolution Chamber  
  58  4:54  Overlord  
  58  4:56  Drone  
  58  4:57  Drone x2  
  61  5:04  Zergling x6  
  63  5:14  Drone  
  63  5:15  Drone  
  63  5:16  Lair  
  63  5:20  Drone x2  
  67  5:23  Zergling x2  
  68  5:30  Zergling x2  
  68  5:31  Zergling x8  
  68  5:32  Drone x2  
  74  5:45  Zergling x12  
  78  5:55  Zergling x2  
  79  5:58  Drone x3  
  79  6:00  Zerg Missile Weapons Level 1, Overlord x4  
  82  6:06  Overlord  
  80  6:25  Zergling x2  
  77  6:27  Drone x4  
  77  6:29  Roach x7  
  77  6:31  Roach  
  94  6:36  Roach x2  
  94  6:37  Drone  
  94  6:38  Drone, Glial Reconstitution  
  90  6:43  Drone x2  
  85  6:50  Extractor, Drone  
  85  6:51  Roach  
  85  6:52  Extractor, Roach x3  
  92  6:56  Roach  
  92  6:57  Baneling x2  
  92  7:01  Roach  
  92  7:04  Roach  
  92  7:08  Roach x6  
  107  7:11  Roach  
  108  7:19  Roach x2  
  108  7:20  Roach  
  108  7:22  Drone  
  112  7:26  Drone  
  112  7:27  Drone x3  
  113  7:31  Drone  
  113  7:35  Drone x2  
  114  7:39  Overlord  
  114  7:40  Drone x3, Overlord  
  114  7:42  Drone  
  118  7:44  Drone  
  119  7:52  Drone x3  
  119  7:53  Overlord  
  119  7:56  Overlord  
  122  8:00  Ravager x5, Hatchery  
  122  8:01  Roach  
  122  8:02  Roach  
  122  8:04  Roach  
  132  8:08  Roach x2  
  136  8:18  Roach  
  138  8:23  Roach x7  
  150  8:31  Roach  
  148  8:35  Roach  
  144  8:43  Roach x4  
  144  8:48  Roach x5  
  144  8:59  Extractor  
  144  9:01  Roach  
  144  9:02  Roach x2  
  149  9:07  Overlord  
  149  9:08  Overlord  
  149  9:09  Overlord  
  149  9:12  Ravager x3  
  152  9:17  Roach x2  
  152  9:18  Roach  
  152  9:21  Overseer  
Show
View Real Time Build Order
Export as new Build Order

Myrault Zerg 

Build Orders: Hatch First 

Get SALT Encoding   

  12  0:00  Drone  
  13  0:13  Overlord  
  13  0:18  Drone  
  14  0:31  Drone x2  
  16  0:37  Drone  
  17  0:51  Hatchery  
  17  0:55  Drone  
  17  0:59  Drone  
  18  1:09  Extractor  
  17  1:13  Spawning Pool  
  17  1:17  Drone  
  17  1:21  Drone  
  18  1:31  Drone  
  19  1:40  Overlord  
  19  1:53  Drone  
  20  1:59  Queen  
  22  2:03  Queen  
  22  2:04  Zergling x4  
  26  2:09  Metabolic Boost  
  26  2:12  Drone  
  27  2:15  Drone  
  28  2:23  Drone  
  29  2:30  Drone  
  29  2:34  Drone, Baneling Nest  
  29  2:35  Drone  
  31  2:43  Drone  
  32  2:47  Zergling x2  
  33  2:57  Zergling x4  
  34  3:04  Hatchery  
  33  3:08  Overlord  
  33  3:12  Drone x3  
  36  3:23  Overlord  
  36  3:29  Drone  
  36  3:30  Drone x4  
  36  3:31  Baneling x2  
  40  3:37  Baneling x2  
  40  3:38  Drone  
  40  3:40  Overlord  
  41  3:46  Zergling x2  
  41  3:47  Zergling x4  
  44  3:50  Drone x2  
  45  3:56  Queen  
  45  4:00  Zergling x4  
  49  4:09  Drone x2  
  51  4:10  Drone x2  
  52  4:18  Drone  
  52  4:20  Lair  
  52  4:21  Drone x2  
  55  4:29  Drone  
  55  4:30  Drone x4  
  60  4:33  Roach Warren  
  58  4:41  Overlord  
  58  4:42  Drone x4  
  60  4:48  Zergling x2  
  60  4:52  Spine Crawler  
  60  4:53  Zergling x4  
  60  4:55  Baneling  
  60  4:58  Baneling  
  62  5:00  Drone x5  
  62  5:03  Overlord  
  62  5:04  Extractor  
  66  5:11  Extractor, Overlord x2  
  65  5:17  Overlord x3  
  65  5:25  Baneling x2  
  64  5:29  Roach  
  64  5:30  Roach x5  
  64  5:35  Roach x2  
  80  5:38  Baneling  
  80  5:39  Baneling  
  74  5:42  Zergling x2  
  74  5:43  Zergling x2  
  74  5:45  Drone  
  74  5:47  Drone  
  73  5:51  Drone x3  
  73  5:52  Queen  
  73  5:54  Ravager  
  73  5:55  Drone  
  78  5:57  Drone  
  78  6:01  Drone  
  78  6:04  Drone x2  
  82  6:09  Roach x3  
  88  6:12  Roach  
  89  6:24  Roach x2  
  90  6:25  Zergling x2  
  90  6:26  Zergling x6  
  90  6:31  Zergling x2  
  93  6:33  Zergling x8  
  93  6:36  Zergling x2  
  93  6:38  Zergling x6  
  87  6:41  Drone  
  87  6:45  Drone  
  87  6:47  Extractor, Drone x3  
  87  6:49  Glial Reconstitution  
  87  6:52  Extractor, Spine Crawler, Drone  
  87  6:53  Extractor, Drone  
  88  6:56  Drone  
  88  6:57  Pneumatized Carapace  
  88  7:00  Overseer  
  89  7:03  Drone  
  89  7:04  Drone  
  89  7:05  Drone  
  89  7:07  Drone x2  
  86  7:24  Roach  
  86  7:25  Roach x7  
  96  7:30  Drone  
  96  7:32  Evolution Chamber  
  96  7:36  Roach  
  96  7:37  Roach  
  99  7:45  Infestation Pit  
  99  7:48  Roach  
  99  7:49  Roach x2  
  99  7:50  Ravager  
  99  7:51  Overlord  
  105  7:53  Queen  
  105  7:55  Overlord x2  
  107  7:59  Roach x3  
  113  8:09  Roach x2  
  113  8:10  Roach  
  115  8:13  Roach x4  
  115  8:19  Roach  
  123  8:23  Roach  
  130  8:34  Roach x4  
  121  8:44  Roach x4  
  121  8:49  Roach  
  121  8:53  Hatchery, Roach  
  122  9:01  Roach  
  124  9:09  Overlord  
  124  9:13  Overlord x3  
  124  9:15  Hatchery  
  123  9:19  Overlord x2  
Tags
 
Add a new tag
Caveats
  • Supply blocks, unpowered buildings, or Contaminate may cause inaccurate times.
  • Supply counts are checked every 10 seconds.